AoeStats
← juanpablicus

Fortress

510024465Analyzed
4v4 RM · 2d ago on Sep 29, 2026· 22m 27s· 8 players
Game mode
Random Map
Map size
Huge
Population
200
Speed
Normal
Resources
Standard
Victory
Conquest
Starting age
Dark Age
Ending age
Imperial Age
RankedLock teamsTeams togetherTeam positionsShared explorationLock speedFull tech treeHidden civsTurbo modeCheats
Victory
Defeat
🇮🇹 Goths · Italy
1144
+14
🇺🇸 Japanese · United States
1110
+15
🇲🇽 Lithuanians · Mexico
1109
+15
🇲🇽 Mongols · Mexico
1082
+16
🇺🇾 Sicilians · Uruguay
1132
-17
🇦🇷 Persians · Argentina
1100
-15
🇦🇷 Magyars · Argentina
1067
-14
🇵🇪 Poles · Peru
1064
-14
JuaNCaBj
6:05 Loom
7:51 Feudal Age
12:31 Castle Age
10:30 Double-Bit Axe
12:11 Horse Collar
13:48 Bow Saw
20:44 Heavy Plow
21:45 Wheelbarrow
juanpablicus
2:02 Loom
9:08 Feudal Age
10:34 Double-Bit Axe
13:11 Castle Age
11:07 Horse Collar
16:02 Scale Barding Armor
16:00 Husbandry
16:12 Bloodlines
15:51 Light Cavalry
16:43 Gold Mining
16:42 Town Watch
19:21 Wheelbarrow
20:49 Fletching
Gyurkobeats
7:47 Feudal Age
11:37 Castle Age
10:09 Double-Bit Axe
10:05 Horse Collar
10:38 Gold Mining
11:05 Loom
12:29 Scale Mail Armor
13:07 Forging
jairo
8:53 Feudal Age
10:08 Double-Bit Axe
12:42 Castle Age
10:49 Horse Collar
iamjackscolon
4:19 Loom
7:14 Feudal Age
9:08 Wheelbarrow
9:33 Wheelbarrow
12:34 Castle Age
11:13 Double-Bit Axe
11:54 Horse Collar
12:50 Gold Mining
13:10 Scale Mail Armor
12:59 Arson
13:59 Bow Saw
18:08 Chain Mail Armor
18:05 Squires
19:26 Forging
22:46 Stone Mining
Lord_Farquaad
8:12 Feudal Age
12:21 Castle Age
10:33 Double-Bit Axe
10:30 Horse Collar
12:29 Fletching
15:17 Padded Archer Armor
18:57 Ballistics
20:35 Bodkin Arrow
J_Dav
6:28 Feudal Age
11:37 Castle Age
16:34 Bloodlines
17:45 Forging
20:08 Scale Barding Armor
20:05 Gold Mining
21:13 Loom
MLT | Bombad Gastald
7:53 Feudal Age
12:03 Castle Age
10:55 Double-Bit Axe
13:40 Pikeman
15:33 Scale Mail Armor
15:44 Forging
16:46 Horse Collar
18:11 Bow Saw
19:24 Squires
19:50 Heavy Plow
20:16 Gold Mining
Connection lost

Rejoining the realm…

Still unreachable

The connection could not be restored.

Session expired

The server has moved on; the page needs a fresh start.